 Dungeon Crawl Stone Soup version 0.31-a0-188-g5e087ee2ca (webtiles) character file.

Game seed: 10095506763333512188

2154 qw the Skirmisher (level 9, -1/52 HPs)
             Began as a Deep Elf Hunter on June 23, 2023.
             Was an Initiate of Okawaru.
             Slain by a gnoll
             ... wielding a +0 spear
             ... led by a gnoll sergeant
              (3 damage)
             ... on level 7 of the Dungeon.
             The game lasted 00:02:05 (4709 turns).

qw the Skirmisher (Deep Elf Hunter)                 Turns: 4709, Time: 00:02:06

Health: -1/52      AC: 16    Str: 12    XL:     9   Next: 10%
Magic:  11/11      EV: 13    Int: 15    God:    Okawaru [......]
Gold:   335        SH:  0    Dex: 18    Spells: 8/8 levels left

rFire   . . .        f - +1 hand crossbow (heavy)
rCold   . . .        (no shield)
rNeg    . . .        s - +1 swamp dragon scales
rPois   +            l - +2 helmet
rElec   .            (no cloak)
rCorr   .            (no gloves)
SInv    .            j - +0 pair of boots
Will    .....        i - amulet of faith
Stlth   ++           b - +4 ring of protection
HPRegen 0.28/turn    (no ring)
MPRegen 0.12/turn

%: faith
@: about to teleport
A: hooves 1, sense surroundings 1, sturdy frame 1
a: Renounce Religion


You were on level 7 of the Dungeon.
You worshipped Okawaru.
Okawaru was noncommittal.
You visited 2 branches of the dungeon, and saw 8 of its levels.

You collected 335 gold pieces.


Innate Abilities, Weirdness & Mutations

You have large cloven feet.
You passively map a small area around you.
Your movements are slightly less encumbered by armour. (ER -2)


   Skills:
 - Level 4.4 Fighting
 - Level 14.0 Ranged Weapons
 - Level 2.0 Armour
 + Level 4.2 Dodging
 - Level 1.2 Stealth


You had 8 spell levels left.
You didn't know any spells.
Your spell library was empty.

Inventory:

Hand Weapons
 f - a +1 heavy hand crossbow (weapon)
Armour
 j - a +0 pair of boots (worn)
 l - a +2 helmet (worn)
 s - +1 swamp dragon scales (worn)
Jewellery
 b - a +4 ring of protection (left hand)
 i - an amulet of faith (around neck)
 m - an amulet of regeneration
Wands
 t - a wand of digging (7)
Scrolls
 p - a scroll of identify
Potions
 d - a potion of haste
 e - a potion of enlightenment
 g - a potion of berserk rage {unknown}
 h - 5 potions of curing
 k - 3 potions of mutation
 n - a potion of heal wounds {unknown}
 q - a potion of resistance {unknown}

Dungeon Overview and Level Annotations

Branches:
Dungeon (7/15)             Temple (1/1) D:6

Altars:
Ashenzari
Cheibriados
Dithmenos
Elyvilon
Fedhas
Gozag
Hepliaklqana
Kikubaaqudgha
Makhleb
Nemelex Xobeh
Okawaru
Qazlal
Ru
Sif Muna
Trog
Vehumet
Wu Jian
Xom
Zin
The Shining One

Shops:
D:2 :

Annotations:
D:4 3 runed translucent doors, qw's ghost, amateur DEHu


Message History

The orc misses you. The orc hits you but does no damage.
The gnoll hits you but does no damage.
The gnoll sergeant hits you but does no damage.
You shoot a bolt. The orc priest shouts!
The bolt hits the gnoll!!
You kill the gnoll!
Okawaru accepts your kill. The orc barely misses you. x2
The gnoll hits you from afar with a +0 spear.
The gnoll sergeant hits you from afar with a +0 spear.
The gnoll sergeant barely misses you. The orc hits you but does no damage.
The gnoll hits you but does no damage. The orc closely misses you.
You shoot a bolt. The bolt hits the orc!!
You kill the orc!
Okawaru accepts your kill.
The gnoll sergeant hits you but does no damage.
The orc priest casts a cantrip, but nothing happens.
The orc barely misses you.
An orc wizard comes into view.
It is wielding a +2 dagger of protection.
The gnoll hits you but does no damage.
An orc comes into view. It is wielding a +0 hand axe.
The gnoll closely misses you. The gnoll sergeant closely misses you.
The orc misses you.
The orc priest mumbles some strange prayers to Beogh against you.
Beogh smites you!
The orc wizard shouts!
4708 ||| READING scroll of teleportation.
As you read the scroll of teleportation, it crumbles to dust.
You feel strangely unstable. The gnoll sergeant barely misses you.
The gnoll barely misses you.
The orc hits you from afar with a +0 trident.
You shoot a bolt.
The bolt closely misses the gnoll sergeant.
The orc shouts!
The gnoll sergeant hits you but does no damage.
The orc hits you from afar with a +0 trident.
The gnoll hits you but does no damage.
The gnoll hits you from afar with a +0 spear.
You die...

)..................#.#
......##)..........#.###
,
.)........#.....#...>..
,
......##.###..o###o..###
.##.#.##..#..#..#.......
.##.#............o#.....
.##.######.###.#o.......
###.# #.# #.#.##..... *,
, #.# #.#@# .... , ,,
[.# #.#))# , .. , , *
### #.#.ggg, , #........
*##..[.#.## * * * , ,
#.##.#... , ,, #. .# ..#
, #. *.#, .. * , * *


You could see a gnoll sergeant, an orc priest, an orc wizard, 2 gnolls and 2
orcs.

Vanquished Creatures
  Maggie (D:6)
  Sigmund (D:3)
  2 water moccasins (D:6)
  An orc warrior (D:6)
  An ogre (D:6)
  A phantom (D:6)
  A centaur (D:5)
  A bullfrog (D:6)
  A scorpion (D:6)
  4 wights (D:7)
  5 howler monkeys
  4 hounds
  3 sleepcaps
  Jessica (D:3)
  3 iguanas
  2 orc wizards
  Robin (D:3)
  5 gnolls
  9 adders
  A shadow imp (D:7)
  2 white imps (D:6)
  An ufetubus (D:5)
  2 worms
  5 dart slugs
  16 orcs
  12 endoplasms
  6 giant cockroaches
  12 goblins
  10 hobgoblins
  2 jackals (D:1)
  6 kobolds
  5 quokkas
  5 ball pythons
  6 bats
  A frilled lizard (D:2)
  8 rats
147 creatures vanquished.

Notes
Turn   | Place    | Note
-------+----------+-------------------------------------------
     0 | D:1      | qw the Deep Elf Hunter began the quest for the Orb.
     0 | D:1      | Reached XP level 1. HP: 12/12 MP: 3/3
     0 | D:1      | 0 ||| qw: Version: 0.3-a-9-g12657ce
     0 | D:1      | 0 ||| qw: Game counter: 3919
     0 | D:1      | 0 ||| qw: Always use a shield: true
     0 | D:1      | 0 ||| qw: God list: Okawaru
     0 | D:1      | 0 ||| qw: Allow faded altars: false
     0 | D:1      | 0 ||| qw: Do Orc after D:15 true
     0 | D:1      | 0 ||| qw: Do second Lair branch before Depths: true
     0 | D:1      | 0 ||| qw: Lair rune preference: random
     0 | D:1      | 0 ||| qw: Plans: Normal
     0 | D:1      | 0 ||| PLANNING D:1-11
   190 | D:1      | Reached skill level 6 in Ranged Weapons
   190 | D:1      | Reached XP level 2. HP: 16/16 MP: 4/4
   437 | D:1      | Reached XP level 3. HP: 20/20 MP: 5/5
   556 | D:1      | 556 ||| UPGRADING to +0 scale mail.
   566 | D:1      | 566 ||| DROPPING +0 leather armour.
   567 | D:1      | 567 ||| UPGRADING to amulet of faith.
   572 | D:1      | 572 ||| READING scroll labelled AJIAHA ADANU.
   573 | D:1      | 573 ||| READING scroll labelled FEMURUXU WUMM.
   574 | D:1      | 574 ||| DROPPING scroll of butterflies.
   732 | D:2      | Reached skill level 7 in Ranged Weapons
   806 | D:2      | Reached XP level 4. HP: 25/25 MP: 6/6
   935 | D:2      | Found Osewoul's Book Boutique.
   992 | D:2      | Reached skill level 8 in Ranged Weapons
  1219 | D:2      | 1219 ||| READING scroll labelled HUOFOMN BAMI.
  1220 | D:2      | 1220 ||| READING scroll labelled PEC MEARAPN.
  1225 | D:2      | 1225 ||| READING scroll labelled GAMNAI YXZUYNA.
  1326 | D:2      | 1326 ||| READING scroll labelled GYODIX UTSU.
  1326 | D:2      | Identified a scroll of acquirement
  1326 | D:2      | 1326 ||| ACQUIRING +1 hand crossbow of flaming
  1326 | D:2      | Acquired a +1 hand crossbow of flaming
  1328 | D:2      | 1328 ||| SWAPPING to +1 hand crossbow of flaming.
  1329 | D:2      | 1329 ||| DROPPING +0 shortbow.
  1330 | D:2      | 1330 ||| DRINKING 3 sedimented yellow potions.
  1331 | D:2      | 1331 ||| DRINKING 3 ruby potions.
  1331 | D:2      | Gained mutation: You occasionally lose the ability to read
                  | scrolls when taking damage. [potion of mutation]
  1331 | D:2      | Gained mutation: You have a pair of small horns on your
                  | head. [potion of mutation]
  1332 | D:2      | 1332 ||| DRINKING 2 potions of mutation.
  1332 | D:2      | Lost mutation: You occasionally lose the ability to read
                  | scrolls when taking damage. [potion of mutation]
  1332 | D:2      | Lost mutation: You have a pair of small horns on your head.
                  | [potion of mutation]
  1332 | D:2      | Gained mutation: You passively map a small area around you.
                  | [potion of mutation]
  1332 | D:2      | Gained mutation: You have large cloven feet. [potion of
                  | mutation]
  1332 | D:2      | Gained mutation: Your movements are slightly less
                  | encumbered by armour. (ER -2) [potion of mutation]
  1399 | D:3      | Reached XP level 5. HP: 16/29 MP: 7/7
  1682 | D:3      | Noticed Sigmund
  1683 | D:3      | Killed Sigmund
  1684 | D:3      | Reached skill level 9 in Ranged Weapons
  1684 | D:3      | Reached XP level 6. HP: 34/34 MP: 8/8
  1706 | D:3      | Noticed Jessica
  1707 | D:3      | Killed Jessica
  1719 | D:3      | Noticed Robin
  1727 | D:3      | Killed Robin
  1944 | D:3      | Reached skill level 1 in Armour
  1956 | D:3      | Found an opulent altar of Gozag.
  1959 | D:3      | Found a glowing golden altar of the Shining One.
  1961 | D:3      | Found a sacrificial altar of Ru.
  2211 | D:3      | 2211 ||| Stepping ~*~*~tactically~*~*~ (water).
  2547 | D:3      | 2547 ||| UPGRADING to +0 pair of boots.
  2552 | D:3      | 2552 ||| UPGRADING to +0 helmet.
  2557 | D:3      | 2557 ||| UPGRADING to +0 ring mail.
  2567 | D:3      | 2567 ||| DROPPING +0 scale mail.
  2568 | D:3      | 2568 ||| READING scroll labelled IPI OTHRAUFREJASS.
  2569 | D:3      | 2569 ||| DRINKING 2 sapphire potions.
  2570 | D:3      | 2570 ||| DROPPING potion of degeneration.
  2572 | D:3      | 2572 ||| Stepping ~*~*~tactically~*~*~ (cloud).
  2973 | D:4      | Reached skill level 10 in Ranged Weapons
  3017 | D:4      | Found a broken altar of Ashenzari.
  3040 | D:4      | Reached skill level 3 in Dodging
  3050 | D:4      | 3050 ||| READING scroll of enchant armour.
  3050 | D:4      | 3050 ||| ENCHANTING +0 helmet.
  3169 | D:4      | Found a runed translucent gate.
  3169 | D:4      | Found a runed translucent gate.
  3170 | D:4      | Found a runed translucent gate.
  3172 | D:4      | Noticed qw's ghost (amateur DEHu)
  3193 | D:4      | 3193 ||| READING scroll labelled PAT LAWKUK.
  3194 | D:4      | 3194 ||| READING scroll labelled UHUYFU XULIPS.
  3212 | D:5      | Entered Level 5 of the Dungeon
  3286 | D:5      | Reached XP level 7. HP: 40/40 MP: 9/9
  3495 | D:5      | Reached skill level 11 in Ranged Weapons
  3562 | D:5      | 3562 ||| UPGRADING to +4 ring of protection.
  3563 | D:5      | 3563 ||| DRINKING 2 brown potions.
  3564 | D:5      | 3564 ||| READING 3 scrolls of identify.
  3564 | D:5      | 3564 ||| IDENTIFYING purple potion
  3565 | D:5      | 3565 ||| READING 2 scrolls of identify.
  3565 | D:5      | 3565 ||| IDENTIFYING metallic red potion
  3566 | D:5      | 3566 ||| DROPPING potion of brilliance.
  3621 | D:6      | Found a stormy altar of Qazlal.
  3713 | D:6      | Reached skill level 12 in Ranged Weapons
  3756 | D:6      | Noticed Maggie
  3760 | D:6      | Killed Maggie
  3761 | D:6      | Reached XP level 8. HP: 39/48 MP: 10/10
  3932 | D:6      | 3932 ||| READING scroll of enchant armour.
  3932 | D:6      | 3932 ||| ENCHANTING +1 helmet.
  4001 | D:6      | 4001 ||| PLANNING TEMPLE
  4105 | D:6      | Reached skill level 13 in Ranged Weapons
  4386 | D:6      | Found a staircase to the Ecumenical Temple.
  4387 | D:6      | 4387 ||| UPGRADING to +1 ring mail of willpower.
  4397 | D:6      | 4397 ||| DROPPING +0 ring mail.
  4398 | D:6      | 4398 ||| UPGRADING to +0 swamp dragon scales.
  4408 | D:6      | 4408 ||| DROPPING +1 ring mail of willpower.
  4409 | D:6      | 4409 ||| READING scroll labelled XEMUGUMPARPH.
  4410 | D:6      | 4410 ||| READING scroll labelled MOAHOE LUUJAIDD.
  4417 | Temple   | Entered the Ecumenical Temple
  4439 | Temple   | 4439 ||| PLANNING OKAWARU WORSHIP
  4465 | Temple   | Became a worshipper of Warmaster Okawaru
  4466 | Temple   | 4466 ||| PLANNING D:1-11
  4621 | D:7      | 4621 ||| READING scroll of enchant armour.
  4621 | D:7      | 4621 ||| ENCHANTING +0 swamp dragon scales.
  4691 | D:7      | Reached XP level 9. HP: 52/52 MP: 11/11
  4700 | D:7      | Reached skill level 14 in Ranged Weapons
  4707 | D:7      | HP: 8/52 [orc priest/divine providence (9)]
  4708 | D:7      | 4708 ||| READING scroll of teleportation.
  4709 | D:7      | HP: 2/52 [orc/+0 trident (3)]
  4709 | D:7      | Slain by a gnoll

Levels and vault maps discovered:
D:1:      dpeg_arrival_long_road, layout_basic
D:2:      layout_loops_ring, serial_shops, nicolae_shop_back_alley_shop,
          minmay_hexomino_c4
D:3:      wad_lake_hut, layout_basic, minitemple, uniq_robin, uniq_jessica,
          uniq_sigmund
D:4:      layout_rooms, nicolae_overflow_crystal_walls,
          biasface_ghost_orc_armoury
D:5:      layout_rooms
D:6:      layout_loops_ring, lemuel_crystal_altar,
          minmay_temple_entry_enclosed_plants, uniq_maggie
D:7:      layout_basic, mainiacjoe_overflow_six_doors_small, serial_glass,
          glass_columns_c, glass_columns_c, item_on_display_a,
          minmay_strange_pillars, minmay_strange_pillars, minmay_strange_pillars
Temple:   eino_wide_crystal_templ

Skill      XL: |  1  2  3  4  5  6  7  8  9 |
---------------+----------------------------+-----
Ranged Weapons | 6 7 8 9 10 12 13 14 | 14.0
Fighting       | 2 4 |  4.4
Armour         | 1 2 |  2.0
Dodging        | 3 4 |  4.2
Stealth        | |  1.2

Action                     |  1- 3 |  4- 6 |  7- 9 || total
---------------------------+-------+-------+-------++-------
   Fire: Shortbow          |   111 |    21 |       ||   132
         Hand crossbow     |       |   101 |    89 ||   190
    Use: Scroll            |     2 |     8 |     7 ||    17
         Potion            |       |     4 |     1 ||     5
 Armour: Leather armour    |     3 |       |       ||     3
         Scale mail        |     7 |    14 |       ||    21
         Ring mail         |       |     1 |    10 ||    11
         Swamp dragon scal |       |       |    17 ||    17
  Dodge: Dodged            |    18 |    29 |    50 ||    97

Table legend:
 A = Non-vault XP
 B = Vault XP
 C = Vault XP percentage of total XP
 D = Non-vault monster count
 E = Vault monster count
 F = Vault count percentage of total count
                 A         B        C        D         E       F
            +---------+---------+-------+---------+---------+-------
      Total |    2396 |     682 |  22.2 |     135 |      12 |   8.2
            +---------+---------+-------+---------+---------+-------
        D:1 |      45 |       0 |   0.0 |      26 |       0 |   0.0
        D:2 |     109 |       4 |   3.5 |      21 |       2 |   8.7
        D:3 |      99 |     269 |  73.1 |      26 |       9 |  25.7
        D:4 |     111 |       0 |   0.0 |      14 |       0 |   0.0
        D:5 |     256 |       0 |   0.0 |      12 |       0 |   0.0
        D:6 |    1193 |     409 |  25.5 |      22 |       1 |   4.3
        D:7 |     583 |       0 |   0.0 |      14 |       0 |   0.0
            +---------+---------+-------+---------+---------+-------
